Map: Winter's Gate LE

Players

Joker - Winner!

  • Race: Terran Terran
  • League: Master
  • Spawn Location: 11:00

Mez

  • Race: Terran Terran
  • League: Master
  • Spawn Location: 5:00

VOD

Have the link to the VOD?

Description

Time

  • Played on: Aug. 22, 2019, 5:53 a.m.
  • Length: 23:14
Show
View Real Time Build Order
Export as new Build Order

Joker Terran - Winner!

Build Orders:  

Get SALT Encoding   

  12  0:02  SCV  
  14  0:14  SCV  
  14  0:18  Supply Depot  
  14  0:26  SCV  
  15  0:31  Refinery  
  15  0:39  SCV  
  16  0:44  Barracks  
  16  0:52  SCV  
  16  0:56  Refinery  
  17  1:04  SCV  
  18  1:16  SCV  
  19  1:32  Factory  
  19  1:33  Orbital Command  
  19  1:37  Reaper  
  20  1:47  Supply Depot  
  20  1:59  SCV  
  21  2:10  Reaper  
  21  2:11  SCV  
  23  2:16  Hellion  
  25  2:33  Command Center  
  24  2:41  Hellion  
  24  2:42  SCV  
  27  2:47  Starport  
  27  2:48  Reaper  
  28  2:54  SCV  
  28  2:56  Supply Depot  
  29  3:03  Factory Tech Lab  
  29  3:08  SCV  
  30  3:20  SCV  
  30  3:22  Cyclone  
  34  3:31  Barracks Reactor  
  34  3:33  SCV  
  35  3:45  SCV  
  35  3:46  Orbital Command  
  36  3:56  Siege Tank  
  36  3:57  SCV  
  40  4:09  SCV  
  41  4:10  Marine x2, Starport Tech Lab  
  41  4:11  SCV  
  41  4:15  Refinery  
  44  4:20  Supply Depot  
  44  4:21  SCV  
  44  4:23  SCV  
  41  4:28  Marine x2  
  41  4:31  Raven  
  44  4:39  SCV x2  
  44  4:41  Command Center  
  46  4:46  Marine x2, Siege Tank  
  46  4:51  SCV x2  
  53  4:54  Supply Depot  
  53  5:03  SCV x2  
  54  5:15  SCV x2  
  54  5:16  Raven  
  54  5:18  Marine x2  
  60  5:27  SCV x2  
  65  5:39  SCV x2  
  64  5:48  Stimpack, Supply Depot  
  64  5:49  Marine  
  65  5:51  SCV x2  
  65  5:52  Factory Tech Lab  
  65  5:53  Orbital Command  
  67  6:00  Refinery  
  67  6:03  SCV x2  
  69  6:05  Siege Tank  
  69  6:06  Marine  
  69  6:08  Viking x2  
  77  6:12  Barracks  
  77  6:14  Barracks  
  77  6:15  SCV x2  
  77  6:18  Barracks  
  79  6:24  Marine  
  80  6:27  Orbital Command  
  76  6:40  Siege Tank  
  76  6:42  Marine  
  80  6:51  SCV x2  
  82  6:59  Orbital Command  
  82  7:00  Marine  
  83  7:11  SCV x2  
  86  7:16  Barracks Reactor  
  86  7:17  Viking x2  
  86  7:18  Barracks Reactor x2  
  86  7:24  SCV x2  
  86  7:27  Engineering Bay  
  86  7:29  Marine, Engineering Bay  
  89  7:33  Command Center  
  89  7:34  SCV  
  89  7:36  SCV x2  
  92  7:38  Supply Depot  
  92  7:41  Supply Depot  
  92  7:43  Siege Tank  
  93  7:48  Combat Shield  
  93  7:59  Marine, Viking x2  
  93  8:02  Marine x4  
  93  8:03  Marine x2  
  104  8:07  Terran Infantry Weapons Level 1  
  104  8:08  Terran Infantry Armor Level 1  
  104  8:09  SCV x3  
  104  8:11  Armory  
  104  8:12  Supply Depot  
  107  8:13  Refinery x2  
  107  8:15  Supply Depot  
  107  8:16  Supply Depot  
  107  8:17  Marine  
  107  8:18  Siege Tank  
  110  8:20  Marine x5  
  110  8:21  Marine, SCV  
  117  8:34  SCV x3  
  120  8:35  Marine  
  120  8:38  Marine x6  
  127  8:45  Barracks  
  127  8:46  Command Center, Barracks  
  127  8:47  Starport  
  127  8:53  Marine  
  128  8:55  Marine  
  128  8:56  Marine, Siege Tank, Medivac  
  128  8:57  Medivac  
  137  9:05  Sensor Tower  
  137  9:11  SCV x2  
  137  9:14  Marine x2, Sensor Tower  
  137  9:15  Marine x5  
  146  9:26  Medivac  
  147  9:31  SCV x3  
  147  9:32  Marine x3  
  147  9:35  Terran Vehicle Weapons Level 1  
  153  9:41  Planetary Fortress  
  153  9:43  SCV  
  153  9:44  SCV x2, Barracks Reactor x2  
  153  9:45  Starport Reactor  
  156  9:46  Starport Tech Lab  
  156  9:47  Fusion Core  
  156  9:55  SCV  
  156  9:56  SCV x2  
  159  10:04  Marine x3  
  162  10:07  SCV  
  162  10:11  Marine x3  
  162  10:12  Siege Tank  
  169  10:17  Liberator, Terran Infantry Armor Level 2, Terran Infantry Weapons Level 2  
  169  10:31  Marine x3  
  169  10:32  Marine x8  
  169  10:33  Viking x2  
  169  10:34  Advanced Ballistics  
  187  10:51  Supply Depot  
  187  10:52  Supply Depot  
  187  10:55  Command Center  
  187  11:04  Liberator  
  187  11:07  Supply Depot  
  187  11:08  Supply Depot  
  187  11:12  Marine x6, Widow Mine  
  187  11:13  Marine  
  199  11:29  Terran Vehicle And Ship Armor Level 1  
  199  11:30  Armory  
  199  12:03  Refinery  
  199  12:04  Refinery  
  199  12:20  Missile Turret  
  199  12:30  Terran Ship Weapons Level 1  
  199  12:55  Viking  
  199  12:59  Terran Infantry Armor Level 3, Terran Infantry Weapons Level 3  
  182  13:15  Marine  
  181  13:39  Marine x7  
  181  13:40  Marine x4  
  187  13:44  Viking x3  
  186  13:57  Marine x7  
  187  14:14  Viking  
  187  14:16  Viking x2  
  183  14:21  Starport x2  
  183  14:22  Planetary Fortress  
  172  14:27  Marine x5, Siege Tank  
  177  14:44  Viking, Terran Vehicle And Ship Armor Level 2, Terran Ship Weapons Level 2  
  179  14:46  Viking x2  
  179  14:48  Planetary Fortress  
  185  15:13  Starport Reactor  
  185  15:14  Viking  
  185  15:16  Viking  
  185  15:17  Starport Reactor, Raven  
  187  15:28  Marine  
  187  15:29  Marine x5  
  193  15:35  Command Center x2  
  193  15:37  Liberator x3  
  193  15:39  Marine x5  
  193  15:41  Command Center  
  198  15:44  Viking  
  198  15:46  Marine, Viking  
  191  15:54  Viking  
  199  15:59  Sensor Tower  
  199  16:01  Marine, Refinery  
  200  16:33  Refinery  
  184  16:45  Viking x3  
  184  16:46  Viking x3  
  179  16:49  Orbital Command x2  
  161  17:02  Marine x5  
  161  17:03  Marine x4  
  161  17:05  Liberator x3  
  153  17:21  Marine x11  
  134  17:22  Viking  
  134  17:23  Viking x3  
  134  17:27  Orbital Command  
  138  17:30  Neosteel Armor, Hi-Sec Auto Tracking  
  138  17:31  Terran Vehicle And Ship Armor Level 3, Terran Ship Weapons Level 3  
  137  17:48  Marine  
  137  17:49  Marine x10  
  147  17:56  Command Center  
  147  18:01  Viking x4  
  147  18:02  Liberator  
  147  18:03  Liberator  
  155  18:06  Marine x5  
  155  18:07  Marine x6  
  166  18:18  Liberator  
  166  18:19  Liberator x2  
  166  18:21  Siege Tank  
  166  18:24  Marine x11, Orbital Command  
  185  18:27  Refinery  
  185  18:30  Refinery  
  185  18:36  Viking x2  
  198  18:42  Marine x2  
  200  18:48  Sensor Tower  
  199  19:09  Starport  
  199  19:10  Starport x2  
  199  19:12  Sensor Tower  
  198  19:22  Marine x2  
  191  19:41  Liberator x2  
  191  19:57  Marine x10  
  191  19:58  Viking x5  
  199  20:01  Orbital Command  
  199  20:11  Liberator x3  
  188  20:26  Starport Tech Lab  
  188  20:27  Starport Tech Lab x2  
  188  20:28  Marine x2  
  166  20:36  Marine  
  166  20:37  Marine x8  
  166  20:38  Battlecruiser  
  172  20:46  Marine x2  
  178  20:50  Battlecruiser x3  
  178  20:54  Marine x5  
  178  20:55  Marine x4  
  195  21:03  Marine, Viking x2  
  193  21:42  Battlecruiser  
  196  21:54  Battlecruiser  
  182  22:32  Marine x10  
  182  22:33  Viking x4  
  198  23:06  Command Center  
Show
View Real Time Build Order
Export as new Build Order

Mez Terran 

Build Orders: Cyclone Opening 

Get SALT Encoding   

  12  0:00  SCV  
  13  0:13  SCV  
  14  0:17  Supply Depot  
  14  0:25  SCV  
  15  0:36  Refinery  
  15  0:38  SCV  
  16  0:45  Barracks  
  16  0:50  Refinery  
  16  0:54  SCV  
  17  1:06  SCV  
  18  1:18  SCV  
  19  1:32  Orbital Command, Reaper  
  20  1:37  Factory  
  20  1:46  Supply Depot  
  20  1:58  SCV  
  21  2:06  Reaper  
  22  2:11  SCV  
  23  2:20  Factory Tech Lab  
  23  2:23  SCV  
  24  2:39  SCV  
  24  2:41  Command Center  
  24  2:44  Command Center  
  24  2:46  Cyclone  
  24  2:47  Barracks Reactor  
  27  2:53  Supply Depot  
  27  2:59  Starport  
  27  3:06  SCV  
  28  3:18  Cyclone  
  28  3:19  SCV  
  32  3:25  Marine x2  
  34  3:32  SCV  
  34  3:33  Refinery  
  35  3:44  Starport Tech Lab  
  35  3:45  Marine  
  35  3:46  Marine, SCV  
  38  3:58  SCV  
  38  4:02  Orbital Command  
  35  4:10  SCV  
  35  4:14  Raven  
  35  4:15  Supply Depot  
  35  4:16  Siege Tank  
  41  4:23  SCV  
  42  4:27  Marine x2  
  42  4:28  SCV  
  45  4:35  SCV  
  46  4:38  Supply Depot  
  46  4:41  SCV  
  47  4:47  Marine x2, SCV  
  47  4:51  Siege Tank  
  53  4:53  SCV  
  53  4:58  Raven  
  53  4:59  SCV  
  57  5:05  SCV  
  58  5:11  SCV  
  59  5:17  SCV  
  59  5:19  Supply Depot  
  60  5:23  Command Center, SCV  
  63  5:29  SCV  
  63  5:34  Factory Reactor  
  62  5:35  Stimpack  
  62  5:37  Barracks  
  62  5:38  Barracks  
  62  5:39  SCV  
  62  5:41  SCV  
  64  5:45  Refinery  
  64  5:46  Supply Depot  
  64  5:52  SCV  
  64  5:53  Starport Reactor, SCV  
  64  5:55  Engineering Bay  
  66  5:57  Engineering Bay  
  66  6:00  Marine  
  66  6:04  SCV  
  66  6:18  Marine  
  66  6:21  SCV x2  
  69  6:27  Barracks x2  
  69  6:28  Marine  
  69  6:29  Marine  
  69  6:32  Medivac x2  
  75  6:33  Siege Tank  
  75  6:36  Terran Infantry Armor Level 1, Terran Infantry Weapons Level 1  
  75  6:37  Orbital Command  
  75  6:39  Marine x2  
  80  6:43  Marine  
  80  6:46  Marine  
  80  6:59  Marine  
  80  7:00  Marine x3  
  84  7:02  SCV x2  
  84  7:03  SCV  
  84  7:05  Siege Tank  
  84  7:14  Marine, SCV  
  84  7:15  SCV x2, Barracks Reactor  
  87  7:17  Barracks Reactor  
  87  7:19  Combat Shield  
  80  7:24  Refinery  
  80  7:26  SCV  
  80  7:27  SCV x2  
  80  7:28  Supply Depot  
  83  7:30  Supply Depot  
  83  7:32  Marine, Supply Depot  
  83  7:33  Marine x4  
  83  7:34  Medivac x2  
  92  7:39  SCV x3  
  95  7:48  Siege Tank  
  95  7:50  Marine x2  
  95  7:51  Marine x3, SCV x3  
  106  7:57  Marine x2  
  106  7:58  Marine x2  
  110  8:01  Supply Depot  
  110  8:02  Supply Depot  
  110  8:06  Supply Depot  
  110  8:08  Marine x3, SCV x2, Armory  
  115  8:22  Marine  
  115  8:23  Marine x5, Siege Tank  
  115  8:26  Marine x3  
  127  8:28  SCV x2  
  127  8:31  Refinery  
  127  8:33  SCV  
  130  8:35  Medivac x2  
  130  8:40  SCV  
  135  8:42  Marine  
  135  8:43  Marine x5  
  135  8:44  Marine x2  
  143  8:50  Supply Depot  
  143  8:51  Supply Depot x2  
  134  9:05  Marine x9  
  134  9:06  Siege Tank  
  146  9:10  Terran Infantry Armor Level 2, Terran Infantry Weapons Level 2  
  146  9:12  Factory  
  146  9:23  Marine x4  
  150  9:32  Command Center  
  150  9:34  Marine  
  150  9:35  Marine x4  
  155  9:38  Siege Tank, Medivac  
  155  9:39  Medivac  
  155  9:40  Marine  
  155  9:43  Supply Depot  
  155  9:45  Supply Depot  
  163  9:48  Terran Ship Weapons Level 1  
  163  9:50  Starport  
  163  9:51  Starport  
  163  9:59  Marine  
  164  10:00  Marine x8  
  164  10:01  Factory Tech Lab  
  172  10:16  Viking x2  
  172  10:17  Marine  
  177  10:29  Siege Tank  
  177  10:32  Command Center  
  177  10:34  Refinery  
  180  10:39  Refinery  
  180  10:43  Command Center  
  180  10:44  Starport Reactor  
  180  10:48  Starport Tech Lab  
  180  10:54  Planetary Fortress  
  180  10:58  Viking  
  180  10:59  Viking  
  184  11:11  Fusion Core  
  184  11:19  Sensor Tower  
  184  11:22  Sensor Tower  
  184  11:28  Viking x2  
  184  11:29  Viking x3, Sensor Tower  
  194  11:56  Orbital Command  
  194  11:58  Viking  
  196  12:10  Terran Infantry Weapons Level 3  
  196  12:12  Barracks  
  196  12:13  Barracks x2  
  186  12:49  Marine x7  
  189  12:55  Planetary Fortress  
  186  13:02  Armory  
  186  13:04  Armory  
  186  13:09  Engineering Bay  
  186  13:18  SCV x4  
  189  13:30  SCV x2  
  190  13:34  Viking  
  190  13:35  Viking x4  
  180  14:04  Viking x2  
  180  14:05  Viking x2  
  169  14:17  Marine  
  169  14:18  Marine x8  
  169  14:19  Liberator x2, Viking, Thor  
  169  14:20  Siege Tank  
  178  14:34  Viking  
  178  14:35  Marine  
  178  14:36  Marine x2, Advanced Ballistics  
  189  14:39  SCV  
  190  14:52  Siege Tank  
  193  14:55  Refinery  
  193  15:02  Siege Tank, Refinery  
  193  15:05  Liberator  
  195  15:11  Command Center  
  196  15:39  Siege Tank  
  199  15:55  Barracks Reactor x3  
  188  16:43  Marine x15  
  159  16:56  Siege Tank x2  
  159  17:00  Marine  
  159  17:01  Marine x7  
  152  17:18  Marine  
  152  17:19  Marine x10  
  140  17:23  Marine x2  
  140  17:24  Marine  
  140  17:25  Viking x3  
  140  17:26  Viking x2  
  153  17:30  Planetary Fortress  
  153  17:33  Refinery  
  138  17:58  Medivac x3  
  140  17:59  Marine, Medivac  
  140  18:00  Marine x14  
  140  18:01  Siege Tank x2  
  140  18:02  Liberator  
  167  18:09  Refinery  
  167  18:11  Liberator x2  
  167  18:14  Command Center  
  167  18:17  Marine  
  167  18:18  Marine x3, Command Center  
  174  18:20  Marine x11  
  191  18:35  Marine x3  
  191  18:38  Marine x2  
  196  19:25  Command Center  
  196  19:26  Siege Tank  
  196  19:30  Marine  
  200  19:36  Command Center  
  164  20:00  Marine x7  
  164  20:06  Viking x5  
  172  20:09  Marine x6  
  172  20:10  Marine x2  
  179  20:18  Marine x5  
  145  20:33  Marine x9  
  117  20:35  Viking  
  117  20:36  Viking x3  
  117  20:40  Marine x6  
  117  20:41  Medivac  
  123  20:51  Marine x7  
  126  20:59  Planetary Fortress  
  125  21:05  Medivac  
  125  21:06  Medivac x3  
  125  21:08  Marine  
  125  21:09  Marine x8  
  142  21:20  Siege Tank x2  
  145  21:30  Marine x14  
  158  21:38  Marine  
  149  21:47  Marine  
  149  21:48  Marine x5  
  149  21:49  Marine  
  149  21:52  Siege Tank  
  159  21:55  Medivac  
  112  22:13  Viking  
  70  22:27  SCV x4  
Tags
 
Add a new tag
Caveats
  • Supply blocks, unpowered buildings, or Contaminate may cause inaccurate times.
  • Supply counts are checked every 10 seconds.